 Dungeon Crawl Stone Soup version 0.31-a0-150-g89dc3ad700 (webtiles) character file.

Game seed: 1042949789458853337

2548 qw the Skirmisher (level 9, -3/77 (79) HPs)
             Began as a Minotaur Hunter on June 8, 2023.
             Was a Believer of Okawaru.
             Slain by a yak (15 damage)
             ... on level 7 of the Dungeon.
             The game lasted 00:02:31 (6404 turns).

qw the Skirmisher (Minotaur Hunter)                 Turns: 6404, Time: 00:02:31

HP:   -3/77 (79)    AC:  7    Str: 16    XL:     9   Next: 30%
MP:   10/11         EV: 18    Int:  6    God:    Okawaru [**....]
Gold: 364           SH:  0    Dex: 18    Spells: 8/8 levels left

rFire   . . .        Y - +0 orcbow
rCold   + . .        (shield currently unavailable)
rNeg    . . .        i - +2 robe {rC+}
rPois   .            (helmet restricted)
rElec   .            (no cloak)
rCorr   .            n - +0 pair of gloves
SInv    .            e - +0 pair of boots
Will    .....        d - amulet of the acrobat
Stlth   +++          (no ring)
HPRegen 0.32/turn    (no ring)
MPRegen 0.12/turn

%: acrobat
@: heroic, lightly drained
A: horns 2, retaliatory headbutt
a: Renounce Religion, Heroism


You were on level 7 of the Dungeon.
You worshipped Okawaru.
Okawaru was pleased with you.
You visited 1 branch of the dungeon, and saw 7 of its levels.
You also visited: Sewer.

You collected 422 gold pieces.
You spent 58 gold pieces at shops.


Innate Abilities, Weirdness & Mutations

You have a pair of horns on your head.
You reflexively headbutt those who attack you in melee.


   Skills:
 - Level 7.1(12.1) Fighting
 + Level 11.2(16.2) Ranged Weapons
 - Level 1.1(6.1) Armour
 - Level 5.4(10.4) Dodging
 - Level 0.7(5.7) Stealth
 - Level 4.0 Invocations


You had 8 spell levels left.
You didn't know any spells.
Your spell library was empty.

Inventory:

Hand Weapons
 Y - a +0 orcbow (weapon)
Armour
 e - a +0 pair of boots (worn)
 i - a +2 robe of cold resistance (worn)
 n - a +0 pair of gloves (worn)
Jewellery
 d - an amulet of the acrobat (around neck)
Scrolls
 j - a scroll of identify
Potions
 a - 2 potions of curing
 b - a potion of resistance {unknown}
 f - 2 potions of haste
 g - a potion of brilliance {unknown}
 h - a potion of cancellation
 k - 2 potions of heal wounds
 o - a potion of magic {unknown}

Dungeon Overview and Level Annotations

Branches:
Dungeon (7/15)             Temple (0/1) D:5           Sewer (visited)

Altars:
Nemelex Xobeh
Okawaru
Uskayaw
Vehumet

Shops:
D:3 *   D:4 =

Annotations:
D:7 1 runed translucent door, qw's ghost, novice MiHu


Message History

Okawaru accepts your kill. The yak barely misses you. The yak gores you.
You shoot an arrow. The arrow barely misses the yak.
The arrow hits the wight.
The wight is moderately damaged.
The wight completely misses you. The yak misses you.
The yak closely misses you.
You shoot an arrow. The arrow hits the yak.
The yak is severely wounded.
You shoot an arrow. The arrow barely misses the yak.
The arrow hits the wight!
The wight is almost destroyed.
The wight hits you but does no damage. The yak closely misses you.
The yak gores you!
You shoot an arrow. The arrow barely misses the yak.
The arrow barely misses the wight.
The arrow hits the wight but does no damage.
The wight hits you with a +3 hand axe of freezing!
You feel drained. The yak completely misses you. The yak closely misses you.
6400 ||| DRINKING 3 potions of heal wounds.
You feel much better. The wight closely misses you. The yak gores you!
The yak misses you.
You shoot an arrow. The arrow hits the yak.
The yak is severely wounded.
You shoot an arrow. The arrow hits the yak.
The yak is severely wounded.
The wight closely misses you. You furiously retaliate!
You headbutt the wight. The yak closely misses you.
The yak completely misses you.
You shoot an arrow. The arrow hits the yak!!
You kill the yak!
Okawaru accepts your kill.
The wight hits you with a +3 hand axe of freezing.
You feel drained. The yak completely misses you. You furiously retaliate!
You headbutt the yak.
Your life force feels restored.
Your base Ranged Weapons skill increases to level 11!
You shoot an arrow.
The arrow hits the wight but does no damage.
The wight is almost destroyed.
The wight hits you with a +3 hand axe of freezing!
You feel drained. The wight freezes you. The wight barely misses you.
The wight hits you with a +0 flail. The yak gores you!
You die...

#. .. .# .### ..# #.#
###### ###.###.#####
#..... ......z@....#
#####...##
###...Yzz...###%......#.
#............%###...#?
############....#...#.
##.#...#### #.##..#
#.##..# #.###.# #.# #.#


You could see a yak and 3 wights.

Vanquished Creatures
  A wyvern (D:7)
  3 yaks (D:7)
  A sky beast (D:6)
  2 black bears
  An ice beast (D:6)
  An ogre (D:5)
  A centaur (D:6)
  A phantom (D:4)
  A kobold brigand (Sewer)
  2 bullfrogs (D:7)
  2 scorpions
  A gnoll sergeant (D:6)
  8 wights
  2 hounds
  An orc priest (D:4)
  4 iguanas
  2 orc wizards
  5 gnolls (D:6)
  11 adders
  7 river rats
  A white imp (D:6)
  3 worms
  2 dart slugs
  19 orcs
  15 ball pythons
  6 endoplasms
  2 giant cockroaches
  5 goblins
  3 hobgoblins
  5 jackals (D:1)
  2 quokkas
  5 bats
  2 frilled lizards (D:1)
  14 kobolds
  19 rats
160 creatures vanquished.

Notes
Turn   | Place    | Note
-------+----------+-------------------------------------------
     0 | D:1      | qw the Minotaur Hunter began the quest for the Orb.
     0 | D:1      | Reached XP level 1. HP: 18/18 MP: 0/0
     0 | D:1      | 0 ||| qw: Version: 0.2-a-119-g7aa9181
     0 | D:1      | 0 ||| qw: Game counter: 2787
     0 | D:1      | 0 ||| qw: Always use a shield: true
     0 | D:1      | 0 ||| qw: God list: Okawaru
     0 | D:1      | 0 ||| qw: Allow faded altars: false
     0 | D:1      | 0 ||| qw: Do Orc after D:15 true
     0 | D:1      | 0 ||| qw: Do second Lair branch before Depths: true
     0 | D:1      | 0 ||| qw: Lair rune preference: random
     0 | D:1      | 0 ||| qw: Plans: Normal
     0 | D:1      | 0 ||| PLANNING D:1-11
    90 | D:1      | Reached XP level 2. HP: 25/25 MP: 1/1
   114 | D:1      | Reached skill level 5 in Ranged Weapons
   492 | D:1      | Found a faded altar of an unknown god.
   562 | D:1      | Reached skill level 3 in Fighting
   577 | D:1      | 577 ||| UPGRADING to +2 robe of cold resistance.
   587 | D:1      | 587 ||| DROPPING +0 leather armour.
   588 | D:1      | 588 ||| UPGRADING to +0 pair of gloves.
   593 | D:1      | 593 ||| DROPPING ring of magical power.
   594 | D:1      | 594 ||| READING scroll labelled ETOKHLU QOZAUMP.
   595 | D:1      | 595 ||| READING scroll labelled BASOEKH HEAT.
   596 | D:1      | 596 ||| READING scroll labelled CUXUTA ASONEI.
   597 | D:1      | 597 ||| DRINKING 2 fuming blue potions.
   598 | D:1      | 598 ||| DROPPING scroll of butterflies.
   599 | D:1      | 599 ||| DROPPING potion of attraction.
   659 | D:2      | Noticed a black bear
   664 | D:2      | 664 ||| STAIRDANCE
   667 | D:1      | HP: 4/26 [black bear (4)]
   669 | D:1      | HP: 1/26 [black bear (2)]
   670 | D:1      | Killed a black bear
   671 | D:1      | Reached skill level 6 in Ranged Weapons
   671 | D:1      | Reached XP level 3. HP: 2/31 MP: 2/2
   671 | D:1      | Reached XP level 4. HP: 2/38 MP: 3/3
   811 | D:2      | 811 ||| STAIRDANCE
  1453 | D:2      | 1453 ||| UPGRADING to amulet of the acrobat.
  1458 | D:2      | 1458 ||| READING scroll labelled IFEKLA JAOPLIG.
  1459 | D:2      | 1459 ||| READING scroll labelled ECSOTSACU.
  1460 | D:2      | 1460 ||| DRINKING 2 golden potions.
  1501 | D:3      | Reached XP level 5. HP: 46/46 MP: 4/4
  1502 | D:3      | Found a hide-covered altar of Uskayaw.
  1715 | D:3      | Found Emuumm's Assorted Antiques.
  1724 | D:3      | 1724 ||| BUYING scroll of identify (58 gold).
  1724 | D:3      | Bought a scroll of identify for 58 gold pieces
  1724 | D:3      | 1724 ||| SHOPLISTING tubular garnet ring (145 gold, have
                  | 110).
  1724 | D:3      | 1724 ||| SHOPLISTING twisted fluorescent wand (116 gold,
                  | have 110).
  1724 | D:3      | 1724 ||| SHOPLISTING twisted robe (165 gold, have 110).
  1745 | D:3      | 1745 ||| Stepping ~*~*~tactically~*~*~ (outnumbered).
  1770 | D:3      | Reached skill level 7 in Ranged Weapons
  1924 | D:3      | Found an iron altar of Okawaru.
  1925 | D:3      | 1925 ||| PLANNING OKAWARU WORSHIP
  1925 | D:3      | 1925 ||| DROPPING +6 ring of intelligence.
  1926 | D:3      | 1926 ||| READING 3 scrolls labelled TADUNWUEV.
  1927 | D:3      | 1927 ||| READING 3 scrolls labelled XUMNEFFISM.
  1928 | D:3      | 1928 ||| DRINKING 2 orange potions.
  1929 | D:3      | 1929 ||| READING 2 scrolls of identify.
  1929 | D:3      | 1929 ||| IDENTIFYING yellow potion
  1930 | D:3      | 1930 ||| DROPPING 2 scrolls of fear.
  1931 | D:3      | 1931 ||| DROPPING 2 scrolls of vulnerability.
  1932 | D:3      | 1932 ||| DROPPING potion of berserk rage.
  1938 | D:3      | Became a worshipper of Warmaster Okawaru
  1938 | D:3      | 1938 ||| PLANNING D:1-11
  2145 | D:3      | Identified the +5 sling of Kam Rybb {drain, Contam Fragile
                  | Will+++ MP+9}
  2218 | D:4      | 2218 ||| PLANNING SEWER
  2242 | D:4      | Reached XP level 6. HP: 43/52 MP: 5/5
  2242 | D:4      | 2242 ||| FLEEEEING.
  2243 | D:4      | 2243 ||| FLEEEEING.
  2246 | D:4      | 2246 ||| STAIRDANCE
  2385 | D:4      | Found Cienol's Jewellery Shop.
  2404 | D:4      | Reached skill level 8 in Ranged Weapons
  2436 | D:4      | 2436 ||| SHOPLISTING amulet of regeneration (390 gold, have
                  | 173).
  2436 | D:4      | 2436 ||| SHOPLISTING ring "Joaru" {rF+ rC+ rCorr Int+4}
                  | (642 gold, have 173).
  2436 | D:4      | 2436 ||| SHOPLISTING ring of Idadilil {Wiz Int+3 Dex+5}
                  | (699 gold, have 173).
  2436 | D:4      | 2436 ||| SHOPLISTING ring of fire (325 gold, have 173).
  2436 | D:4      | 2436 ||| SHOPLISTING ring of poison resistance (260 gold,
                  | have 173).
  2436 | D:4      | 2436 ||| SHOPLISTING ring of see invisible (195 gold, have
                  | 173).
  2668 | D:4      | Found a glowing drain.
  2669 | D:4      | 2669 ||| UPGRADING to +0 pair of boots.
  2674 | D:4      | 2674 ||| DRINKING 2 pink potions.
  2675 | D:4      | 2675 ||| READING 2 scrolls of identify.
  2675 | D:4      | 2675 ||| IDENTIFYING sapphire potion
  2676 | D:4      | 2676 ||| DROPPING potion of degeneration.
  2682 | Sewer    | Entered a sewer
  2770 | Sewer    | Reached skill level 1 in Armour
  2842 | Sewer    | 2842 ||| Stepping ~*~*~tactically~*~*~ (water).
  2844 | Sewer    | 2844 ||| Stepping ~*~*~tactically~*~*~ (water).
  2846 | Sewer    | 2846 ||| Stepping ~*~*~tactically~*~*~ (water).
  2859 | Sewer    | Reached * piety under Okawaru
  2860 | Sewer    | Reached skill level 3 in Dodging
  2860 | Sewer    | 2860 ||| INVOKING Heroism.
  2860 | Sewer    | HP: 12/52 [river rat (2)]
  2864 | Sewer    | Reached XP level 7. HP: 10/59 MP: 3/6
  2867 | Sewer    | 2867 ||| FLEEEEING.
  2868 | Sewer    | 2868 ||| FLEEEEING.
  2869 | Sewer    | 2869 ||| FLEEEEING.
  2870 | Sewer    | 2870 ||| FLEEEEING.
  2871 | Sewer    | 2871 ||| FLEEEEING.
  3074 | Sewer    | 3074 ||| Stepping ~*~*~tactically~*~*~ (outnumbered).
  3078 | Sewer    | 3078 ||| Stepping ~*~*~tactically~*~*~ (outnumbered).
  3549 | Sewer    | 3549 ||| READING scroll labelled VIETHU DOSTRONN.
  3550 | Sewer    | 3550 ||| DRINKING 3 smoky emerald potions.
  3551 | Sewer    | 3551 ||| DRINKING 3 silvery potions.
  3552 | Sewer    | 3552 ||| DROPPING 2 potions of invisibility.
  3578 | D:4      | 3578 ||| PLANNING D:1-11
  3663 | D:5      | Entered Level 5 of the Dungeon
  3843 | D:5      | Reached skill level 1 in Invocations
  3919 | D:5      | Found a staircase to the Ecumenical Temple.
  4097 | D:5      | Found a radiant altar of Vehumet.
  4158 | D:5      | Found a sparkling altar of Nemelex Xobeh.
  4171 | D:5      | 4171 ||| INVOKING Heroism.
  4178 | D:5      | Reached skill level 9 in Ranged Weapons
  4211 | D:5      | 4211 ||| READING scroll labelled YPI SOMABEKORUL.
  4212 | D:5      | 4212 ||| READING scroll labelled NUFIGR TUERR.
  4214 | D:5      | 4214 ||| Stepping ~*~*~tactically~*~*~ (cloud).
  4327 | D:6      | 4327 ||| INVOKING Heroism.
  4336 | D:6      | 4336 ||| FLEEEEING.
  4337 | D:6      | 4337 ||| FLEEEEING.
  4338 | D:6      | 4338 ||| FLEEEEING.
  4339 | D:6      | 4339 ||| FLEEEEING.
  4340 | D:6      | 4340 ||| FLEEEEING.
  4341 | D:6      | 4341 ||| FLEEEEING.
  4342 | D:6      | 4342 ||| FLEEEEING.
  4343 | D:6      | 4343 ||| FLEEEEING.
  4344 | D:6      | 4344 ||| FLEEEEING.
  4345 | D:6      | 4345 ||| FLEEEEING.
  4346 | D:6      | 4346 ||| FLEEEEING.
  4347 | D:6      | 4347 ||| STAIRDANCE
  4454 | D:6      | 4454 ||| STAIRDANCE
  4457 | D:5      | 4457 ||| INVOKING Heroism.
  4459 | D:5      | Reached XP level 8. HP: 36/69 MP: 6/9
  4661 | D:6      | 4661 ||| SWAPPING to +0 orcbow.
  4666 | D:6      | 4666 ||| DROPPING +5 sling of Kam Rybb {drain, Contam
                  | Fragile Will+++ MP+9}.
  4667 | D:6      | 4667 ||| DROPPING +1 shortbow.
  4730 | D:6      | Reached skill level 3 in Invocations
  4736 | D:6      | 4736 ||| INVOKING Heroism.
  4741 | D:6      | Reached skill level 6 in Fighting
  5168 | D:6      | 5168 ||| INVOKING Heroism.
  5321 | D:6      | Reached skill level 10 in Ranged Weapons
  5877 | D:6      | 5877 ||| READING scroll labelled LALEBL ECAOP.
  5880 | D:6      | 5880 ||| READING scroll labelled MUIPILLO POSIO.
  5981 | D:6      | 5981 ||| DRINKING 2 lumpy coppery potions.
  5982 | D:6      | 5982 ||| DROPPING potion of enlightenment.
  6080 | D:7      | 6080 ||| INVOKING Heroism.
  6329 | D:7      | Found a runed translucent door.
  6330 | D:7      | Noticed qw's ghost (novice MiHu)
  6352 | D:7      | Reached ** piety under Okawaru
  6353 | D:7      | Reached XP level 9. HP: 74/79 MP: 11/11
  6393 | D:7      | 6393 ||| INVOKING Heroism.
  6399 | D:7      | HP: 13/79 [wight/+3 hand axe of freezing (11)]
  6400 | D:7      | 6400 ||| DRINKING 3 potions of heal wounds.
  6404 | D:7      | Reached skill level 11 in Ranged Weapons
  6404 | D:7      | HP: 19/77 [wight/+3 hand axe of freezing (1)]
  6404 | D:7      | Slain by a yak

Levels and vault maps discovered:
D:1:      dpeg_arrival_long_road, layout_basic,
          shapermc_ecumenical_altar_mp_vishouse, minmay_tetromino_l2
D:2:      layout_basic, serial_bayou_pond_e, nicolae_underground_beach
D:3:      layout_loops_cross, mainiacjoe_overflow_alcove_2,
          nicolae_uskayaw_dance_hall, serial_shops, nicolae_diamond_shop
D:4:      cheibrodos_quashed, layout_rooms, gup_sewer_entry_bubbles,
          serial_shops, nicolae_diamond_shop
D:5:      layout_basic, kennysheep_mini, nemelex_dance_club_becter,
          minmay_temple_entry_mini_moons, kennysheep_generic_room_9
D:6:      layout_basic
D:7:      layout_basic, nicolae_wu_jian_glorious_leap, old_standard_altar,
          kennysheep_mini_moat, ebering_ghost_reflecting_pool,
          roderic_roman_lattice, chequers_hall_statues_wall_a

Skill      XL: |  1  2  3  4  5  6  7  8  9 |
---------------+----------------------------+-----
Ranged Weapons | 6 7 8 9 10 11 | 11.2
Fighting       | 3 4 5 7 |  7.1
Armour         | 1 |  1.1
Dodging        | 3 4 5 |  5.4
Invocations    | 2 4 |  4.0
Stealth        | |  0.7

Action                     |  1- 3 |  4- 6 |  7- 9 || total
---------------------------+-------+-------+-------++-------
   Fire: Shortbow          |    50 |   206 |   133 ||   389
         Orcbow            |       |       |   165 ||   165
 Invoke: Heroism           |       |     1 |     7 ||     8
    Use: Scroll            |     3 |     6 |     5 ||    14
         Potion            |     1 |     3 |     4 ||     8
 Armour: Leather armour    |     4 |       |       ||     4
         Robe              |     3 |    43 |    41 ||    87
  Dodge: Dodged            |    28 |    63 |   109 ||   200

Table legend:
 A = Non-vault XP
 B = Vault XP
 C = Vault XP percentage of total XP
 D = Non-vault monster count
 E = Vault monster count
 F = Vault count percentage of total count
                 A         B        C        D         E       F
            +---------+---------+-------+---------+---------+-------
      Total |    3241 |     400 |  11.0 |     108 |      52 |  32.5
            +---------+---------+-------+---------+---------+-------
        D:1 |     153 |       2 |   1.3 |      20 |       1 |   4.8
        D:2 |      32 |       0 |   0.0 |       9 |       0 |   0.0
        D:3 |     120 |       0 |   0.0 |      26 |       0 |   0.0
        D:4 |     298 |      37 |  11.0 |      14 |       7 |  33.3
        D:5 |     279 |     120 |  30.1 |       8 |       2 |  20.0
        D:6 |    1053 |       0 |   0.0 |      20 |       0 |   0.0
        D:7 |    1306 |       0 |   0.0 |      11 |       0 |   0.0
      Sewer |       0 |     241 | 100.0 |       0 |      42 | 100.0
            +---------+---------+-------+---------+---------+-------
